 Dungeon Crawl Stone Soup version 0.19-a0-607-g42021f0 (webtiles) character file.

72 st0uf the Shield-Bearer (level 4, -2/37 HPs)
             Began as a Formicid Fighter on June 12, 2016.
             Slain by Robin
             ... wielding a +4 spear of freezing
              (3 damage)
             ... on level 2 of the Dungeon.
             The game lasted 00:05:45 (1599 turns).

st0uf the Shield-Bearer (Formicid Fighter)          Turns: 1599, Time: 00:05:45

Health: -2/37      AC:  7    Str: 20    XL:     4   Next: 48%
Magic:  4/4        EV:  8    Int:  8    God:
Gold:   85         SH:  9    Dex: 11    Spells: 0 memorised, 3 levels left

rFire  . . .     SeeInvis +     a - +0 war axe
rCold  . . .     Gourm    .     b - +0 scale mail
rNeg   . . .     Faith    .     c - +0 shield
rPois  .         Spirit   .     (helmet unavailable)
rElec  .         Dismiss  .     (no cloak)
rCorr  +         Reflect  .     (no gloves)
SustAt .         Harm     .     (no boots)
MR     .....                    (no amulet)
Stlth  ..........               (no ring)
                                k - ring of resist corrosion

@: not resistant to hostile enchantments, extremely unstealthy
A: permanent stasis, dig shafts and tunnels, four strong arms, antennae 3
a: Dig, Shaft Self


You were on level 2 of the Dungeon.
You were not hungry.

You visited 1 branch of the dungeon, and saw 2 of its levels.

You collected 85 gold pieces.

Inventory:

Hand Weapons
 a - a +0 war axe (weapon)
 j - a +0 hunting sling
Armour
 b - a +0 scale mail (worn)
 c - a +0 shield (worn)
Jewellery
 k - a ring of resist corrosion (left hand)
Scrolls
 i - 2 scrolls of fog {unknown}
 m - a scroll of remove curse {unknown}
Potions
 d - a potion of might
 e - 2 potions of flight {unknown}
 g - a potion of cure mutation {unknown}
 h - a potion of haste {unknown}
 n - a potion of cancellation {unknown}
 o - 3 potions of curing {unknown}
Comestibles
 f - a bread ration
 l - a royal jelly
 p - 6 chunks of flesh


   Skills:
 + Level 4.0 Fighting
 * Level 2.5 Axes
 + Level 3.8 Armour
 + Level 1.1 Dodging
 + Level 4.1 Shields


You had 3 spell levels left.
You didn't know any spells.

Dungeon Overview and Level Annotations

Branches:
Dungeon (2/15)

Altars:

Annotations:
D:2 Robin


Innate Abilities, Weirdness & Mutations

You are under a permanent stasis effect.
You can dig through walls and to a lower floor.
Your four strong arms can wield two-handed weapons with a shield.
You have a pair of large antennae on your head. (SInv)


Message History

Robin hits you with a spear of freezing.
Robin freezes you.
* * * LOW HITPOINT WARNING * * *
The hobgoblin throws a stone.
You block the stone.
The hobgoblin throws a stone.
The stone barely misses you. You block Robin's attack.
You closely miss Robin.
Robin is almost dead.
Robin hits you but does no damage.
The hobgoblin throws a stone.
The stone hits you but does no damage.
You hit Robin.
Robin is almost dead.
Robin hits you with a spear of freezing!
* * * LOW HITPOINT WARNING * * *
Robin freezes you.
* * * LOW HITPOINT WARNING * * *
The hobgoblin throws a stone.
The stone closely misses you.
The hobgoblin throws a stone.
The stone hits you but does no damage.
Robin hits you with a spear of freezing.
You die...

#≈≈≈##'''##≈≈≈≈≈≈#####..###.#
#≈≈≈#.....#≈≈≈≈≈≈≈#(.........
#...#...÷.......≈≈≈(###.#####
#.).(....÷#).....≈≈(# .#
##'##.....##'##..≈≈.# .#
#...#.....#...#..≈≈(# ##
#...#.....#...#..≈≈(#
#...#.....#)..#..≈≈(#
##'##{....##@##..≈≈(#
#..)..)...g.g#...≈≈(#########
#..)(........#...≈≈.((((.....
#..)##########...≈≈.#########
#...# ####≈≈.# #...{.....{{{
#≈≈## #...'{..... #≈≈
########### ###


You could see Robin and a hobgoblin.

Vanquished Creatures
  An adder (D:2)
  3 dart slugs (D:1)
  3 giant geckos
  A ball python (D:1)
  A giant cockroach (D:1)
  12 goblins
  7 hobgoblins
  5 jackals
  A kobold (D:1)
  5 bats
  3 giant newts
  6 rats
48 creatures vanquished.

Notes
Turn   | Place    | Note
--------------------------------------------------------------
     0 | D:1      | st0uf the Formicid Fighter began the quest for the Orb.
     0 | D:1      | Reached XP level 1. HP: 18/18 MP: 1/1
    88 | D:1      | Reached XP level 2. HP: 25/25 MP: 2/2
   236 | D:1      | Reached XP level 3. HP: 30/30 MP: 3/3
  1224 | D:2      | Reached XP level 4. HP: 27/37 MP: 4/4
  1277 | D:2      | Reached skill level 1 in Dodging
  1570 | D:2      | Noticed Robin
  1599 | D:2      | HP: 1/37 [Robin/spear of freezing (3)]
  1599 | D:2      | Slain by Robin

Vault maps used:
D:1:      ncdulo_wetmaze, serial_glass, glass_columns_a, glass_columns_b
D:2:      kennysheep_goblin_castle

Skill      XL: |  1  2  3  4 |
---------------+-------------+-----
Fighting       | 4 |  4.0
Shields        | 4 |  4.1
Dodging        | 1 |  1.1
Axes           | |  2.5
Armour         | |  3.8

Action                   |  1- 3 |  4- 6 || total
-------------------------+-------+-------++-------
Melee: War axe           |    94 |    53 ||   147
 Abil: Dig               |     1 |     2 ||     3
  Eat: Chunk             |     1 |     2 ||     3
Armor: Scale mail        |    36 |    27 ||    63
Dodge: Dodged            |    27 |    33 ||    60
Block: Shield            |    44 |    56 ||   100
